AoeStats
← Wolfie

Lombardia

510093244Analyzed
4v4 RM · 4d ago on Sep 29, 2026· 67m 27s· 8 players
Game mode
Random Map
Map size
Large (8 player)
Population
200
Speed
Normal
Resources
Standard
Victory
Conquest
Starting age
Dark Age
Ending age
Imperial Age
RankedLock teamsTeams togetherTeam positionsShared explorationLock speedFull tech treeHidden civsTurbo modeCheats
Victory
Defeat
🇫🇷 Britons · France
1096
+15
🇸🇪 Varangians · Sweden
1095
+15
🇨🇳 Franks · China
1066
+16
🇦🇺 Spanish · Australia
1030
+18
🇮🇳 Magyars · India
1209
-20
🇮🇳 Burgundians · India
1205
-20
1171
-20
🇮🇳 Vikings · India
698
-4
Wolfie
12:30 Feudal Age
17:06 Castle Age
15:20 Double-Bit Axe
15:26 Horse Collar
16:00 Loom
18:34 Bow Saw
20:00 Squires
23:23 Wheelbarrow
23:00 Stone Mining
25:57 Heavy Plow
25:27 Pikeman
26:50 Gold Mining
26:55 Arson
29:14 Hand Cart
29:25 Bloodlines
30:10 Scale Mail Armor
31:38 Forging
33:56 Chain Mail Armor
33:29 Town Watch
34:32 Stone Shaft Mining
36:37 Imperial Age
34:21 Gambesons
34:44 Scale Barding Armor
34:44 Husbandry
34:06 Light Cavalry
36:18 Ballistics
36:21 Caravan
36:46 Fletching
37:31 Iron Casting
36:55 Murder Holes
37:10 Masonry
36:49 Vendel Legacy
37:57 Chain Barding Armor
38:16 Conscription
39:32 Two-Man Saw
38:12 Cavalier
39:06 Elite Varangian Guard
42:25 Plate Mail Armor
42:31 Plate Barding Armor
42:28 Elite Skirmisher
44:15 Chemistry
44:43 Blast Furnace
44:14 Bodkin Arrow
44:20 Padded Archer Armor
44:16 Gothikon
45:37 Halberdier
47:06 Bracer
47:53 Cranequins
50:56 Fortified Wall
52:29 Crop Rotation
53:17 Siege Engineers
53:43 Architecture
53:35 Heavy Mounted Crossbowman
55:33 Hussar
58:41 Leather Archer Armor
60:23 Ring Archer Armor
Besoin Dead
8:51 Loom
11:11 Feudal Age
16:24 Castle Age
14:31 Double-Bit Axe
18:38 Horse Collar
21:26 Wheelbarrow
23:22 Gold Mining
23:46 Bow Saw
23:42 Heavy Plow
24:00 Hand Cart
24:12 Town Watch
27:13 Gold Shaft Mining
32:59 Imperial Age
30:06 Man-at-Arms
30:32 Gambesons
30:48 Squires
30:33 Arson
31:04 Forging
31:09 Long Swordsman
31:52 Scale Mail Armor
32:29 Iron Casting
33:06 Chain Mail Armor
33:39 Two-Handed Swordsman
34:55 Plate Mail Armor
35:28 Blast Furnace
34:52 Conscription
34:26 Champion
38:53 Pikeman
39:03 Elite Longbowman
40:04 Yeomen
39:45 Warwolf
40:22 Padded Archer Armor
40:24 Halberdier
41:56 Leather Archer Armor
41:33 Fletching
42:11 Ballistics
42:52 Chemistry
43:53 Ring Archer Armor
43:22 Bodkin Arrow
44:55 Hoardings
45:27 Bracer
46:25 Heated Shot
49:10 Two-Man Saw
52:25 Siege Engineers
Rido
3:40 Loom
10:22 Feudal Age
24:03 Castle Age
22:12 Horse Collar
22:26 Gold Mining
22:27 Stone Mining
22:25 Double-Bit Axe
25:22 Wheelbarrow
24:56 Scale Barding Armor
25:06 Bow Saw
27:09 Hand Cart
27:04 Scale Barding Armor
27:09 Forging
29:00 Heavy Plow
29:30 Husbandry
29:41 Bloodlines
29:56 Chain Barding Armor
30:12 Iron Casting
29:43 Caravan
31:35 Stone Shaft Mining
40:15 Imperial Age
41:57 Plate Barding Armor
42:23 Blast Furnace
40:51 Cavalier
45:28 Chemistry
44:49 Ballistics
44:36 Paladin
46:23 Two-Man Saw
46:48 Bombard Tower
46:15 Arrowslits
46:44 Masonry
46:29 Murder Holes
51:47 Architecture
52:04 Conscription
52:07 Supremacy
52:08 Conscription
51:59 Town Watch
61:36 Town Patrol
76561199122638748
12:15 Feudal Age
17:01 Castle Age
15:06 Double-Bit Axe
16:43 Gold Mining
18:49 Gold Shaft Mining
21:44 Loom
23:16 Forging
25:07 Pikeman
27:10 Wheelbarrow
27:14 Stone Mining
27:39 Bow Saw
28:08 Scale Barding Armor
28:39 Iron Casting
30:01 Hand Cart
30:48 Chain Barding Armor
33:27 Imperial Age
31:22 Town Watch
33:33 Cavalier
34:14 Husbandry
35:56 Town Patrol
35:57 Halberdier
36:37 Squires
36:23 Arson
36:25 Gambesons
36:03 Man-at-Arms
38:08 Caravan
38:38 Coinage
39:22 Paladin
41:53 Blast Furnace
40:55 Scale Mail Armor
42:08 Plate Barding Armor
43:37 Chain Mail Armor
46:23 Conscription
46:39 Hoardings
48:38 Plate Mail Armor
48:00 Fletching
48:11 Padded Archer Armor
47:39 Elite Throwing Axeman
52:23 Chemistry
51:30 Siege Engineers
51:36 Fortified Wall
51:36 Masonry
55:24 Banking
60:15 Chivalry
64:25 Bodkin Arrow
64:46 Leather Archer Armor
Slow Walking Champi Warrior
2:57 Loom
12:07 Feudal Age
16:01 Castle Age
14:52 Stone Mining
14:58 Double-Bit Axe
25:09 Horse Collar
26:31 Gold Mining
27:22 Bow Saw
27:54 Squires
28:56 Scale Mail Armor
30:21 Wheelbarrow
34:55 Imperial Age
34:10 Gold Shaft Mining
34:19 Town Watch
34:46 Arson
35:03 Shield Wall
36:03 Conscription
35:05 Elite Hearth Troop
37:53 Two-Man Saw
39:13 Hand Cart
39:11 Capped Ram
40:24 Chain Mail Armor
40:19 Forging
41:18 Ballistics
40:26 Siege Ram
43:09 Plate Mail Armor
43:15 Iron Casting
47:28 Guilds
53:27 Heavy Plow
54:25 Siege Engineers
57:26 Elite Varangian Guard
59:40 Caravan
64:57 Hoardings
Lurker
7:16 Loom
9:34 Feudal Age
10:19 Double-Bit Axe
10:15 Horse Collar
20:19 Castle Age
21:53 Bow Saw
23:42 Gold Mining
24:15 Husbandry
24:26 Bloodlines
25:32 Wheelbarrow
25:01 Heavy Plow
27:41 Hand Cart
32:10 Gold Shaft Mining
31:26 Stone Mining
34:43 Thumb Ring
34:30 Fletching
34:40 Padded Archer Armor
34:37 Town Watch
39:10 Imperial Age
39:09 Ballistics
38:47 Bodkin Arrow
39:07 Leather Archer Armor
40:25 Parthian Tactics
39:20 Heavy Cavalry Archer
40:07 Bracer
41:09 Chemistry
41:35 Recurve Bow
42:04 Conscription
46:21 Siege Engineers
50:51 Caravan
60:01 Town Patrol
bmo
11:09 Feudal Age
11:40 Horse Collar
11:47 Double-Bit Axe
18:00 Castle Age
16:57 Arson
19:12 Bow Saw
20:34 Forging
22:53 Heavy Plow
24:58 Iron Casting
25:41 Stone Mining
32:44 Scale Mail Armor
38:14 Chain Mail Armor
40:52 Chieftains
44:52 Imperial Age
43:09 Squires
45:50 Elite Varangian Guard
47:47 Chemistry
47:12 Ballistics
46:49 Elite Berserk
49:37 Conscription
52:09 Plate Mail Armor
52:40 Blast Furnace
Aaaaaaah Do
4:33 Double-Bit Axe
8:52 Horse Collar
13:36 Feudal Age
12:22 Gold Mining
15:28 Loom
18:24 Castle Age
16:45 Bow Saw
17:41 Heavy Plow
23:11 Wheelbarrow
24:48 Hand Cart
25:55 Gold Shaft Mining
25:12 Stone Mining
27:18 Cavalier
27:58 Husbandry
30:40 Imperial Age
28:29 Scale Barding Armor
28:24 Scale Mail Armor
28:39 Forging
29:07 Burgundian Vineyards
29:30 Chain Barding Armor
30:55 Iron Casting
31:50 Stone Shaft Mining
31:44 Conscription
31:50 Treadmill Crane
31:34 Paladin
33:34 Plate Barding Armor
33:59 Blast Furnace
34:07 Blast Furnace
34:16 Two-Man Saw
34:00 Crop Rotation
33:54 Town Watch
34:34 Ballistics
34:41 Town Patrol
36:53 Chemistry
40:30 Caravan
Connection lost

Rejoining the realm…

Still unreachable

The connection could not be restored.

Session expired

The server has moved on; the page needs a fresh start.